[Event "Titled Tuesday Blitz May 03 Early 2022"]
[White "Mortazavi, Ali"]
[Black "Piesik, Piotr"]
[WhiteFideId "401323"]
[BlackFideId "1136194"]
[WhiteElo "2339"]
[BlackElo "2190"]
[Result "0-1"]
[Round "03"]
[TimeControl "180+1"]
[Date "2022.05.03"]
[WhiteClock "0:00:26"]
[BlackClock "0:00:22"]

1. Nf3 g6 2. e4 Bg7 3. d4 c6 4. Nc3 d6 5. h3 Nf6 6. Be3 O-O 7. Qd2 b5 8. Bd3 b4 9. Ne2 a5 10. Ng3 Ba6 11. O-O Bxd3 12. cxd3 Nbd7 13. Rac1 Rc8 14. Bh6 c5 15. d5 Ne8 16. Kh1 Nc7 17. Nh2 e5 18. dxe6 fxe6 19. Bxg7 Kxg7 20. d4 Nb5 21. dxc5 Rxc5 22. Ng4 Qg5 23. f4 Qh4 24. Kh2 Rxc1 25. Rxc1 h5 26. Qd3 hxg4 27. Qxb5 Nf6 28. Rc7+ Kh8 29. e5 dxe5 30. fxe5 Nd5 31. Qd7 Nxc7 32. Qxc7 gxh3 33. Qd6 hxg2+ 34. Kxg2 Qf4 35. Kh3 Kg7 36. Qxe6 Rh8+ 37. Kg2 Qd2+ 38. Kf3 Rf8+ 39. Kg4 Qd1+ 40. Kg5 Qd2+ 41. Kg4 Rf4+ 42. Kh3 Qd8 43. Qb6 Rh4+ 44. Kg2 Qxb6 0-1


[Site "https://www.chess.com"]

[Event "Titled Tuesday Blitz May 03 Early 2022"]
[White "Murthy, Pappu"]
[Black "Ansh M Shah"]
[WhiteFideId "2013401"]
[BlackFideId "25033379"]
[WhiteElo "2034"]
[BlackElo "1819"]
[Result "1-0"]
[Round "03"]
[TimeControl "180+1"]
[Date "2022.05.03"]
[WhiteClock "0:00:21"]
[BlackClock "0:00:03"]

1. c4 Nf6 2. Nc3 c5 3. g3 Nc6 4. Bg2 g6 5. e4 d6 6. Nge2 Bg7 7. O-O O-O 8. d3 e5 9. h3 Nd4 10. f4 a6 11. a4 Nh5 12. Kh2 f5 13. exf5 exf4 14. Nxf4 Nxf4 15. Bxf4 Bxf5 16. g4 Bc8 17. Nd5 Be6 18. Rb1 Rb8 19. b3 Bxd5 20. Bxd5+ Kh8 21. Qd2 Rxf4 22. Rxf4 Be5 23. Kh1 Qh4 24. Rff1 Qxh3+ 25. Kg1 Qg3+ 26. Bg2 Qh2+ 27. Kf2 Rf8+ 28. Ke1 Bg3+ 29. Kd1 Rxf1+ 30. Bxf1 Qg1 31. Rb2 Qe3 32. Qxe3 1-0


[Site "https://www.chess.com"]

[Event "Titled Tuesday Blitz May 03 Early 2022"]
[White "Nakamura, Hikaru"]
[Black "Kazakouski, Valery"]
[WhiteFideId "2016192"]
[BlackFideId "13507443"]
[WhiteElo "2850"]
[BlackElo "2524"]
[Result "1-0"]
[Round "03"]
[TimeControl "180+1"]
[Date "2022.05.03"]
[WhiteClock "0:01:10"]
[BlackClock "0:00:07"]

1. Nf3 Nf6 2. e3 e6 3. b3 b6 4. Bb2 Bb7 5. g3 Be7 6. Bg2 O-O 7. O-O c5 8. c4 d5 9. cxd5 Nxd5 10. d4 cxd4 11. Nxd4 Nc6 12. Nxc6 Bxc6 13. Qe2 Bf6 14. Rc1 Rc8 15. Na3 Bxb2 16. Qxb2 Nb4 17. Rd1 Qe7 18. f3 Rfd8 19. Nc4 Bb5 20. Bf1 Bxc4 21. Bxc4 Qc5 22. Qe2 Nc6 23. Qf2 h6 24. f4 Rxd1+ 25. Rxd1 Rd8 26. Rb1 b5 27. Bf1 Nb4 28. a3 Nd5 29. e4 Qxf2+ 30. Kxf2 Nc3 31. Re1 a5 32. Ke3 b4 33. axb4 axb4 34. Ra1 Nd1+ 35. Kf3 Rd2 36. Be2 Nc3 37. Bc4 g5 38. f5 exf5 39. exf5 Kg7 40. Ra7 Nd1 41. Rxf7+ Kh8 42. Re7 Rf2+ 43. Kg4 Rxh2 44. f6 Rf2 45. Re8+ Kh7 46. Bd3+ 1-0


[Site "https://www.chess.com"]

[Event "Titled Tuesday Blitz May 03 Early 2022"]
[White "Nan, M K Khine Hlyan"]
[Black "Martin Carmona, Gaston Manuel"]
[WhiteFideId "13002899"]
[BlackFideId "22284567"]
[WhiteElo "1943"]
[BlackElo "2146"]
[Result "0-1"]
[Round "03"]
[TimeControl "180+1"]
[Date "2022.05.03"]
[WhiteClock "0:00:25"]
[BlackClock "0:00:16"]

1. e4 c5 2. Nf3 d6 3. d4 cxd4 4. Nxd4 Nf6 5. Nc3 a6 6. Be2 e5 7. Nb3 Be7 8. Be3 Be6 9. O-O O-O 10. f4 exf4 11. Bxf4 Nc6 12. Bg5 Ne5 13. Bxf6 Bxf6 14. Nd5 Bg5 15. Kh1 a5 16. Nd4 Bxd5 17. exd5 Qb6 18. Nf5 g6 19. Nd4 Rfe8 20. b3 Rac8 21. Bb5 Re7 22. a4 Rc3 23. Be2 Qc5 24. Nb5 Re3 25. c4 h5 26. Bf3 Kg7 27. Qd4 Qxd4 28. Nxd4 Rd3 29. Nb5 Rd7 30. Rae1 Rxb3 31. c5 Nxf3 32. Rxf3 Rxf3 33. gxf3 dxc5 34. d6 Bf4 35. Re7 Rd8 36. Rxb7 Bxd6 37. Ra7 c4 38. Rxa5 c3 39. Nxc3 Bb4 40. Ne4 Bxa5 41. Nc5 Ra8 42. Nd7 Bc7 43. Ne5 Bxe5 44. f4 Rxa4 45. Kg2 Rxf4 46. Kh3 Rf5 47. Kh4 Bf6+ 48. Kh3 Be5 49. Kg2 Bxh2 50. Kh3 g5 51. Kxh2 Kg6 52. Kh3 g4+ 53. Kg3 Rf3+ 54. Kg2 f5 55. Kh2 Kg5 56. Kg2 h4 57. Kh1 h3 58. Kh2 Kh4 59. Kh1 Kg3 60. Kg1 f4 61. Kh1 Rf1# 0-1


[Site "https://www.chess.com"]

[Event "Titled Tuesday Blitz May 03 Early 2022"]
[White "Navalgund, Niranjan"]
[Black "Yurovskykh, Oleksandr"]
[WhiteFideId "5030854"]
[BlackFideId "14134020"]
[WhiteElo "2290"]
[BlackElo "2292"]
[Result "0-1"]
[Round "03"]
[TimeControl "180+1"]
[Date "2022.05.03"]
[WhiteClock "0:00:09"]
[BlackClock "0:00:21"]

1. d4 d5 2. Nf3 Nf6 3. c4 dxc4 4. Na3 e6 5. Nxc4 c5 6. g3 b5 7. Nce5 Bb7 8. Bg2 cxd4 9. O-O Be7 10. Qxd4 O-O 11. Bg5 Qxd4 12. Nxd4 Bxg2 13. Kxg2 a6 14. Rac1 Bd6 15. Nd3 Nbd7 16. Rc6 Be5 17. Nxe5 Nxe5 18. Rc7 Rfc8 19. Rfc1 Nc4 20. Rxc8+ Rxc8 21. b3 Nb6 22. Rxc8+ Nxc8 23. Nc6 Nd7 24. Bd8 f6 25. Nb4 Nc5 26. Kf3 Kf7 27. Ke3 Ke8 28. Bc7 Kd7 29. Bb8 e5 30. f4 exf4+ 31. Bxf4 a5 32. Nd5 a4 33. Kd4 axb3 34. axb3 Nxb3+ 35. Kc3 Nc5 36. Kb4 Kc6 37. Nc3 Na6+ 38. Ka5 b4 39. Na4 Nc5 40. Kxb4 Nxa4 41. Kxa4 Kd5 42. Kb4 Ne7 43. Kc3 Ke4 44. Kc4 h5 45. Kc5 Nf5 46. Kc6 Nd4+ 47. Kd7 Nxe2 48. Bb8 Kf5 49. Ke7 Nd4 50. Kf7 g5 51. Kg7 Nc6 52. Bc7 Nd4 53. Kh6 Ne6 54. Bb8 Kg4 55. Kg6 Nf8+ 56. Kxf6 Nd7+ 57. Kg6 Nxb8 58. h3+ Kxg3 59. Kxh5 Kf4 60. Kg6 Nc6 61. Kh5 Ne5 62. Kh6 Nf3 63. Kh5 Kg3 64. h4 gxh4 65. Kg6 h3 66. Kf5 h2 67. Ke4 h1=Q 0-1


[Site "https://www.chess.com"]

[Event "Titled Tuesday Blitz May 03 Early 2022"]
[White "Nayak, Rajesh"]
[Black "Tan, Jun Ying"]
[WhiteFideId "35017152"]
[BlackFideId "5710413"]
[WhiteElo "1998"]
[BlackElo "1827"]
[Result "0-1"]
[Round "03"]
[TimeControl "180+1"]
[Date "2022.05.03"]
[WhiteClock "0:00:34"]
[BlackClock "0:01:16"]

1. e4 d5 2. exd5 Qxd5 3. Nc3 Qd6 4. Nf3 Nf6 5. Bc4 Bf5 6. d4 e6 7. O-O Be7 8. Bg5 O-O 9. Bh4 c6 10. Bg3 Qd8 11. h3 h6 12. Qe2 Nbd7 13. Rad1 Re8 14. Rfe1 Nd5 15. Ne4 N7f6 16. Nxf6+ Bxf6 17. Ne5 Bg5 18. c3 Qe7 19. Qf3 Rad8 20. Bb3 Qf8 21. Re2 Be7 22. Rde1 Bd6 23. a4 Bb8 24. a5 Bd6 25. a6 Bxe5 26. Bxe5 bxa6 27. Ba4 Rc8 28. c4 Nb6 29. Bb3 Bg6 30. Ba2 c5 31. d5 exd5 32. cxd5 c4 33. d6 Bd3 34. Re3 Nd7 35. Bxg7 Rxe3 36. Bxf8 Rxf3 37. gxf3 Kxf8 38. Re7 Bf5 39. Kh2 Rc6 40. Kg3 Rxd6 41. Re3 Bd3 42. Kf4 Rf6+ 43. Kg3 Rb6 0-1


[Site "https://www.chess.com"]

[Event "Titled Tuesday Blitz May 03 Early 2022"]
[White "Odegov, Artem"]
[Black "Ezat, Mohamed"]
[WhiteFideId "34183644"]
[BlackFideId "10600906"]
[WhiteElo "2286"]
[BlackElo "2386"]
[Result "1-0"]
[Round "03"]
[TimeControl "180+1"]
[Date "2022.05.03"]
[WhiteClock "0:00:08"]
[BlackClock "0:00:06"]

1. d4 Nf6 2. c4 g6 3. Nc3 Bg7 4. e4 d6 5. h3 O-O 6. Be3 e5 7. d5 Na6 8. Bd3 Nc5 9. Bc2 a5 10. Nge2 Nfd7 11. g4 Bf6 12. Qd2 c6 13. dxc6 bxc6 14. Qxd6 Ne6 15. Qxc6 Rb8 16. O-O-O a4 17. Bxa4 Qa5 18. Rd5 Qb4 19. Rb5 Qe7 20. Rd1 Bg5 21. Nd5 Qd8 22. Qd6 Rxb5 23. Bxb5 Nec5 24. Bxd7 Nxd7 25. Kb1 Bxe3 26. fxe3 Kg7 27. Ne7 Bb7 28. Qxd7 Bxe4+ 29. Ka1 Qb6 30. Nd5 Qa6 31. Nec3 Bc2 32. Rc1 Bb3 33. Qe7 Bxc4 34. Qxe5+ f6 35. Qe7+ Rf7 36. Qc5 Ra7 37. Nb4 Qe6 38. Qxa7+ Kh6 39. Qd4 Ba6 40. Qf4+ g5 41. Qf2 Qc4 42. Nbd5 f5 43. Qxf5 Bb7 44. Qf6# 1-0


[Site "https://www.chess.com"]

[Event "Titled Tuesday Blitz May 03 Early 2022"]
[White "Oganian, Miran"]
[Black "Sjugirov, Sanan"]
[WhiteFideId "4122488"]
[BlackFideId "4189302"]
[WhiteElo "2357"]
[BlackElo "2602"]
[Result "1/2-1/2"]
[Round "03"]
[TimeControl "180+1"]
[Date "2022.05.03"]
[WhiteClock "0:00:04"]
[BlackClock "0:00:02"]

1. e4 c5 2. Nf3 d6 3. Bb5+ Bd7 4. Bxd7+ Qxd7 5. O-O Nc6 6. c3 Nf6 7. d4 d5 8. e5 Ne4 9. Ne1 h6 10. f3 Ng5 11. f4 Ne4 12. f5 e6 13. fxe6 Qxe6 14. Be3 Be7 15. Nd3 cxd4 16. cxd4 Bg5 17. Qf3 O-O 18. Nc3 f5 19. h4 f4 20. hxg5 Nxg5 21. Qe2 fxe3 22. Qxe3 Qg4 23. Nf4 Nxd4 24. Qxd4 Nh3+ 25. Kh1 Nxf4 26. Qd2 Rf5 27. Rf3 Raf8 28. Raf1 Rh5+ 29. Kg1 Rhf5 30. Nxd5 Nxd5 31. Qxd5+ Kh8 32. Rxf5 Rxf5 33. Qd8+ Kh7 34. Qd3 g6 35. Qd7+ Kg8 36. Qc8+ Kg7 37. Qxb7+ Kg8 38. Qa8+ Kg7 39. Qxa7+ Kg8 40. Qb8+ Kf7 41. Qc7+ Kg8 42. Qd8+ Kg7 43. Qd7+ Kg8 44. Rxf5 gxf5 45. e6 Qe4 46. Qf7+ Kh8 47. Qf6+ Kh7 48. e7 Qe3+ 49. Kh1 Qc1+ 50. Kh2 Qf4+ 51. Kh3 Qg4+ 52. Kh2 Qf4+ 53. Kg1 Qe3+ 54. Kf1 Qd3+ 55. Ke1 Qe3+ 56. Kd1 Qd3+ 57. Kc1 Qf1+ 58. Kd2 Qf2+ 59. Kd3 Qg3+ 60. Kd4 Qf4+ 61. Kd5 Qe4+ 62. Kd6 Qb4+ 63. Ke6 Qc4+ 64. Kxf5 Qd5+ 65. Qe5 Qf7+ 66. Ke4 Qc4+ 67. Kf3 Qf1+ 68. Kg3 h5 69. Qe4+ Kg7 70. Qe5+ Kh7 71. Qe4+ Kg7 72. e8=Q h4+ 73. Qxh4 Qf2+ 74. Kh3 Qxg2+ 75. Kxg2 1/2-1/2


[Site "https://www.chess.com"]

[Event "Titled Tuesday Blitz May 03 Early 2022"]
[White "Ohanyan, Emin"]
[Black "Dixit, Nikhil"]
[WhiteFideId "13312022"]
[BlackFideId "5059534"]
[WhiteElo "1927"]
[BlackElo "2223"]
[Result "1-0"]
[Round "03"]
[TimeControl "180+1"]
[Date "2022.05.03"]
[WhiteClock "0:00:40"]
[BlackClock "0:00:44"]

1. e4 e6 2. d4 d5 3. Bd3 dxe4 4. Bxe4 Nf6 5. Bf3 Bd6 6. Ne2 O-O 7. Nbc3 Nc6 8. O-O Bd7 9. Bg5 Rb8 10. Ne4 Be7 11. c3 Nxe4 12. Bxe7 Nxe7 13. Bxe4 Bc6 14. Qc2 Bxe4 15. Qxe4 Qd5 16. Qxd5 Nxd5 17. Rfe1 Rfd8 18. Ng3 b5 19. Ne4 a5 20. Rac1 a4 21. Nc5 c6 22. g3 g6 23. f4 Kg7 24. Kf2 a3 25. b3 b4 26. Na4 Nxc3 27. Nxc3 bxc3 28. Ke3 Rb4 29. Red1 c5 30. dxc5 Rxd1 31. Rxd1 Kf6 32. Rc1 Ke7 33. Rxc3 Kd7 34. Rd3+ Kc6 35. Rd4 Kxc5 36. Rd7 f5 37. Rxh7 Re4+ 38. Kd3 Rd4+ 39. Kc3 Rd1 40. Ra7 Rc1+ 41. Kd3 Rd1+ 42. Ke3 Kb4 43. Ra4+ Kc3 44. Rxa3 Re1+ 45. Kf2 Kd2 46. Kg2 Re2+ 47. Kh3 Ke1 48. b4 Kf1 49. b5 Kg1 50. Kh4 Rxh2+ 51. Kg5 Rb2 52. Rb3 Rxa2 53. b6 Ra8 54. b7 Rb8 55. Kxg6 1-0


[Site "https://www.chess.com"]

[Event "Titled Tuesday Blitz May 03 Early 2022"]
[White "Oparin, Grigoriy"]
[Black "Gabrielian, Artur"]
[WhiteFideId "24125890"]
[BlackFideId "4131002"]
[WhiteElo "2665"]
[BlackElo "2440"]
[Result "1-0"]
[Round "03"]
[TimeControl "180+1"]
[Date "2022.05.03"]
[WhiteClock "0:00:09"]
[BlackClock "0:00:06"]

1. Nf3 Nf6 2. c4 g6 3. g3 Bg7 4. Bg2 O-O 5. O-O d6 6. Nc3 Nc6 7. d4 e5 8. dxe5 dxe5 9. Bg5 h6 10. Qxd8 Rxd8 11. Bxf6 Bxf6 12. Nd5 Kg7 13. Nxc7 Rb8 14. e4 Be7 15. Rfd1 Be6 16. Nd5 Bc5 17. h3 a5 18. b3 f5 19. Ne1 fxe4 20. Bxe4 Bxh3 21. Nd3 Bd4 22. Rac1 Rf8 23. Kh2 Bg4 24. Rd2 Rf7 25. Kg2 h5 26. f3 Be6 27. Rh1 Rbf8 28. Nf2 Bf5 29. Bxf5 Rxf5 30. Nc7 Kg8 31. Ne6 R8f7 32. Ne4 Re7 33. Nxd4 Nxd4 34. Rd3 Rf8 35. Re1 Nf5 36. Nc3 h4 37. Nd5 Rh7 38. g4 h3+ 39. Kh2 Nd4 40. Kg3 h2 41. Rh1 Ne2+ 42. Kf2 Nd4 43. Kg2 Rhf7 44. f4 Nc6 45. g5 exf4 46. Nf6+ Rxf6 47. gxf6 Rxf6 48. Rxh2 Kg7 49. Rd5 Rf7 50. Kf3 Kf6 51. Re2 g5 52. Kg4 Kg6 53. Rxg5+ Kf6 54. Rf5+ Kg6 55. Rxf7 Kxf7 56. Kxf4 1-0


[Site "https://www.chess.com"]

[Event "Titled Tuesday Blitz May 03 Early 2022"]
[White "Osmak, Yuliia"]
[Black "Pein, Jonathan"]
[WhiteFideId "14101602"]
[BlackFideId "417092"]
[WhiteElo "2302"]
[BlackElo "2140"]
[Result "0-1"]
[Round "03"]
[TimeControl "180+1"]
[Date "2022.05.03"]
[WhiteClock "0:00:06"]
[BlackClock "0:00:16"]

1. e4 c6 2. Nf3 d5 3. d3 g6 4. e5 Bg7 5. d4 h5 6. Bd3 Nh6 7. O-O O-O 8. Re1 Na6 9. c3 Nc7 10. h3 a5 11. a4 b6 12. Qe2 Ba6 13. Na3 Nf5 14. Bxa6 Nxa6 15. g4 hxg4 16. hxg4 Nh6 17. Ng5 e6 18. Kg2 Nc7 19. Rh1 f6 20. exf6 Qxf6 21. Be3 Rae8 22. f4 Nf7 23. Nh7 Qe7 24. Rh3 e5 25. Nxf8 Kxf8 26. fxe5 Ne6 27. Rf1 Kg8 28. Qd3 Nf8 29. Nc2 Qe6 30. Qe2 c5 31. Rhf3 Qxg4+ 32. Kf2 Qh4+ 33. Kg2 Qg4+ 34. Kh2 Qh5+ 35. Kg3 Nxe5 36. Rxf8+ Bxf8 37. Qxh5 gxh5 38. dxe5 Rxe5 39. Kf4 Re4+ 40. Kf5 Rxa4 41. Kg6 h4 42. Bg5 Rg4 43. Kh5 Rg2 44. Ne3 Rxb2 45. Nxd5 h3 46. Kg6 h2 47. Nf6+ Kh8 48. Bf4 Bg7 49. Nh5 Rg2+ 50. Kf7 Rg1 51. Bxh2 Rxf1+ 52. Ke6 Rh1 53. Nxg7 Rxh2 54. Nf5 Rh3 55. c4 a4 0-1


[Site "https://www.chess.com"]

[Event "Titled Tuesday Blitz May 03 Early 2022"]
[White "Ovezdurdyyeva, Jemal"]
[Black "Hamley, Ryan"]
[WhiteFideId "14001888"]
[BlackFideId "30959497"]
[WhiteElo "1946"]
[BlackElo "2483"]
[Result "0-1"]
[Round "03"]
[TimeControl "180+1"]
[Date "2022.05.03"]
[WhiteClock "0:00:09"]
[BlackClock "0:00:17"]

1. e4 c6 2. d4 d5 3. Nd2 dxe4 4. Nxe4 Nf6 5. Ng3 h5 6. h3 h4 7. N3e2 Bf5 8. Nf3 Ne4 9. Nf4 e6 10. Bd3 Be7 11. c4 Bb4+ 12. Kf1 Be7 13. d5 cxd5 14. cxd5 exd5 15. Bb5+ Nc6 16. Nxd5 O-O 17. Be3 Bf6 18. Nxf6+ Qxf6 19. Qb3 Rfe8 20. Kg1 Rad8 21. Bf4 Re6 22. Kh2 Bxh3 23. Be3 Bg4 24. Ng1 Nxf2 25. Bxf2 Qxf2 26. Nh3 Bxh3 27. Qxh3 Rd2 28. Rhf1 Qc5 29. Bxc6 Qxc6 30. Qf3 Qd6+ 31. Kh1 Rf6 32. Qg4 h3 33. Qc8+ Kh7 34. Qxh3+ Rh6 35. Qh2 Qxh2# 0-1


[Site "https://www.chess.com"]

[Event "Titled Tuesday Blitz May 03 Early 2022"]
[White "Ozturk, Efe Hakan"]
[Black "Avazkhonov, Alikhon"]
[WhiteFideId "34550216"]
[BlackFideId "14208504"]
[WhiteElo "1924"]
[BlackElo "1739"]
[Result "1-0"]
[Round "03"]
[TimeControl "180+1"]
[Date "2022.05.03"]
[WhiteClock "0:00:31"]
[BlackClock "0:00:02"]

1. Nf3 Nf6 2. c4 g6 3. g3 Bg7 4. Bg2 O-O 5. O-O d6 6. d4 Nbd7 7. Nc3 e5 8. e4 exd4 9. Nxd4 Re8 10. b3 a6 11. Re1 Rb8 12. Bb2 c5 13. Nc2 b5 14. cxb5 axb5 15. Qxd6 b4 16. Na4 Re6 17. Qd2 Qe7 18. f3 Bb7 19. Rad1 Rd8 20. Bh3 Ra6 21. Bxd7 Rxd7 22. Bxf6 Rxd2 23. Bxe7 Rxd1 24. Rxd1 1-0


[Site "https://www.chess.com"]

[Event "Titled Tuesday Blitz May 03 Early 2022"]
[White "Paravyan, David"]
[Black "Tanenbaum, Zachary"]
[WhiteFideId "4194985"]
[BlackFideId "2060850"]
[WhiteElo "2569"]
[BlackElo "2168"]
[Result "1-0"]
[Round "03"]
[TimeControl "180+1"]
[Date "2022.05.03"]
[WhiteClock "0:02:52"]
[BlackClock "0:01:59"]

1. e4 e5 2. Nf3 Nc6 3. Nc3 Nf6 4. d4 exd4 5. Nxd4 Bb4 6. Nxc6 bxc6 7. Bd3 d5 8. exd5 O-O 9. O-O cxd5 10. Bg5 c6 11. Qf3 Be7 12. h3 Be6 13. Ne2 Rb8 14. b3 Re8 15. Nd4 c5 16. Nc6 Qd7 17. Nxb8 Rxb8 18. Rad1 d4 19. Rfe1 Rb6 20. c3 Bd5 21. Qg3 dxc3 22. Bc2 h6 23. Bxf6 Bxf6 24. Qd3 Bd4 25. Qh7+ Kf8 26. Qh8# 1-0


[Site "https://www.chess.com"]

[Event "Titled Tuesday Blitz May 03 Early 2022"]
[White "Pasti, Aron"]
[Black "Kanyamarala, Tarun"]
[WhiteFideId "785857"]
[BlackFideId "45004714"]
[WhiteElo "2133"]
[BlackElo "2177"]
[Result "1-0"]
[Round "03"]
[TimeControl "180+1"]
[Date "2022.05.03"]
[WhiteClock "0:00:02"]
[BlackClock "0:00:01"]

1. e4 e5 2. Nf3 Nc6 3. Bb5 Nf6 4. O-O Nxe4 5. d4 Nd6 6. dxe5 Nxb5 7. a4 Nbd4 8. Nxd4 Nxd4 9. Qxd4 d6 10. exd6 Qxd6 11. Qe4+ Qe6 12. Qd4 Bd7 13. Nc3 Bd6 14. Bg5 O-O 15. Rfe1 Qg6 16. Be7 Bxe7 17. Qxd7 Bd6 18. Ne4 Bf4 19. Qb5 Qb6 20. g3 Qxb5 21. axb5 Be5 22. c3 b6 23. Nc5 Bd6 24. Nb7 f6 25. Nxd6 cxd6 26. Re6 Rfd8 27. Re7 Rdc8 28. Rd7 Rc5 29. b4 Rxc3 30. Rxd6 Rb3 31. Ra4 Rb8 32. Rd7 Kh8 33. Raxa7 Rg8 34. Rd5 Rxb4 35. Rb7 h6 36. Rxb6 Re8 37. Rd2 Re1+ 38. Kg2 Reb1 39. Rb8+ Kh7 40. Rd5 R1b2 41. Rb7 Kg6 42. Rdd7 Rxb5 43. Rxg7+ Kf5 44. Rxb5+ Rxb5 45. g4+ Kf4 46. Rg6 f5 47. gxf5 Kxf5 48. Rxh6 Kg5 49. Rh3 Rb2 50. Rg3+ Kh5 51. Rg8 Ra2 52. Kg3 Ra3+ 53. f3 Rb3 54. h4 Ra3 55. Rg5+ Kh6 56. Rb5 Rc3 57. Kg4 Rc1 58. Rb6+ Kg7 59. Kf5 Rc5+ 60. Kg4 Rc4+ 61. f4 Rc1 62. Kg5 Rg1+ 63. Kf5 Kh7 64. h5 Rc1 65. Rb8 Rc5+ 66. Kg4 Kh6 67. Rh8+ Kg7 68. Ra8 Kh6 69. Ra6+ Kg7 70. f5 Rc1 71. h6+ Kh7 72. Kg5 Rg1+ 73. Kf4 Rf1+ 74. Kg5 Rg1+ 75. Kf6 Kxh6 76. Kf7+ Kh7 77. f6 Rb1 78. Ra7 Kh6 79. Kg8 Rg1+ 80. Kf8 Rb1 81. f7 Kg6 82. Kg8 Rb8+ 83. f8=Q 1-0


[Site "https://www.chess.com"]

[Event "Titled Tuesday Blitz May 03 Early 2022"]
[White "Perez Gormaz, Matias"]
[Black "Kamsky, Gata"]
[WhiteFideId "3406342"]
[BlackFideId "2000024"]
[WhiteElo "2322"]
[BlackElo "2645"]
[Result "0-1"]
[Round "03"]
[TimeControl "180+1"]
[Date "2022.05.03"]
[WhiteClock "0:00:01"]
[BlackClock "0:00:38"]

1. e4 e5 2. Nf3 Nc6 3. Bb5 a6 4. Ba4 Nf6 5. d3 d6 6. c3 Bd7 7. O-O g6 8. h3 Bg7 9. Be3 O-O 10. Re1 Qe8 11. Bb3 Kh8 12. Nbd2 Nh5 13. d4 b6 14. Bd5 Rd8 15. Qe2 a5 16. Qc4 Rc8 17. Ng5 Nd8 18. Qa6 f5 19. exf5 gxf5 20. dxe5 dxe5 21. Nc4 e4 22. Bd2 Qg6 23. Rad1 Nf6 24. Ne3 Qxg5 25. Ng4 Qh5 26. Ne5 Be6 27. Bxe6 Nxe6 28. Be3 f4 29. Bc1 Qxe5 0-1


[Site "https://www.chess.com"]

[Event "Titled Tuesday Blitz May 03 Early 2022"]
[White "Petre, Nad-Titus"]
[Black "Stribuk, Artiom"]
[WhiteFideId "1204165"]
[BlackFideId "13515659"]
[WhiteElo "2354"]
[BlackElo "2259"]
[Result "0-1"]
[Round "03"]
[TimeControl "180+1"]
[Date "2022.05.03"]
[WhiteClock "0:00:03"]
[BlackClock "0:00:18"]

1. e4 c5 2. Nc3 Nc6 3. Bb5 Nd4 4. Nf3 a6 5. Bd3 e6 6. Nxd4 cxd4 7. Ne2 Bc5 8. O-O Ne7 9. c3 Nc6 10. b4 Bb6 11. a4 O-O 12. f4 d6 13. Kh1 e5 14. Bb2 d5 15. b5 axb5 16. axb5 Rxa1 17. Qxa1 Na5 18. fxe5 Nb3 19. Qd1 Nc5 20. Ba3 Nxd3 21. Bxf8 Kxf8 22. Nxd4 Nxe5 23. Qh5 Ng6 24. Qxh7 Qg5 25. exd5 Bxd4 26. cxd4 Nf4 27. Qh8+ Ke7 28. Re1+ Be6 29. d6+ Kd7 30. Rg1 Bd5 0-1


[Site "https://www.chess.com"]

[Event "Titled Tuesday Blitz May 03 Early 2022"]
[White "Petrovic, Aleksa"]
[Black "Skliarov, Viktor"]
[WhiteFideId "967629"]
[BlackFideId "14106736"]
[WhiteElo "2198"]
[BlackElo "2229"]
[Result "1/2-1/2"]
[Round "03"]
[TimeControl "180+1"]
[Date "2022.05.03"]
[WhiteClock "0:00:19"]
[BlackClock "0:00:06"]

1. d4 Nf6 2. c4 e6 3. Nf3 b6 4. g3 Bb7 5. Bg2 Be7 6. O-O O-O 7. Re1 Na6 8. Nc3 Ne4 9. Qc2 Nxc3 10. Ng5 Bxg5 11. Bxb7 Bxc1 12. Rexc1 Nxa2 13. Rd1 N6b4 14. Qb3 Rb8 15. Bf3 a5 16. Be4 f5 17. Bb1 f4 18. Bxa2 Qf6 19. gxf4 Qxf4 20. Qg3 Nc2 21. Qxf4 Rxf4 22. Rac1 Rxd4 23. Bb3 Rg4+ 24. Kf1 Nd4 25. Ba4 c6 26. h3 Rh4 27. e3 Nf5 28. Rxd7 h5 29. Bxc6 Rf8 30. Ke2 Rxh3 31. Rg1 Rh2 32. Be4 Rf7 33. Rd8+ Rf8 34. Rd7 Rf7 35. Rd8+ Rf8 36. Rd7 1/2-1/2


[Site "https://www.chess.com"]

[Event "Titled Tuesday Blitz May 03 Early 2022"]
[White "Pham, Tran Gia Phuc"]
[Black "Agasarov, Benik"]
[WhiteFideId "12415669"]
[BlackFideId "13314823"]
[WhiteElo "1789"]
[BlackElo "2534"]
[Result "1-0"]
[Round "03"]
[TimeControl "180+1"]
[Date "2022.05.03"]
[WhiteClock "0:00:22"]
[BlackClock "0:00:07"]

1. e4 e5 2. Nf3 Nc6 3. Bc4 Nf6 4. d4 exd4 5. e5 d5 6. Bb5 Ne4 7. Nxd4 Bd7 8. Bxc6 bxc6 9. O-O Bc5 10. f3 Ng5 11. Be3 Ne6 12. c3 Bb6 13. f4 c5 14. Nf3 g6 15. b4 cxb4 16. Bxb6 axb6 17. cxb4 Nxf4 18. g3 Ba4 19. Qd2 Ne6 20. Nc3 d4 21. Ne4 O-O 22. Qh6 f5 23. exf6 Rf7 24. Nfg5 Nxg5 25. Nxg5 Qf8 26. Nxf7 Qxf7 27. Rae1 Re8 28. Rxe8+ Bxe8 29. Qf4 c5 30. bxc5 bxc5 31. Qe5 Qf8 32. Rc1 Bf7 33. Qxc5 Qxc5 34. Rxc5 Bxa2 35. Rc7 d3 36. Kf2 Be6 37. Ke3 Bf5 38. h3 h5 39. g4 hxg4 40. hxg4 Bxg4 41. Kxd3 Be6 42. Ke4 Bf7 43. Rc8+ Kh7 44. Rf8 Ba2 45. Ke5 g5 46. Kd6 g4 47. Ra8 Bc4 48. Ra3 Kg6 49. Ke5 Kg5 50. Rc3 Bf7 51. Rc7 Kg6 52. Rc6 Kg5 53. Rc3 Kg6 54. Rg3 Kg5 55. Rg1 Bg8 56. Rf1 Bf7 57. Rh1 g3 58. Rh7 Bg6 59. f7 g2 60. f8=Q Bxh7 61. Qf2 1-0


[Site "https://www.chess.com"]

[Event "Titled Tuesday Blitz May 03 Early 2022"]
[White "Pinero Rodriguez, Carlos Jose"]
[Black "Di Nicolantonio, Lucas"]
[WhiteFideId "3901726"]
[BlackFideId "680460"]
[WhiteElo "2053"]
[BlackElo "2381"]
[Result "1-0"]
[Round "03"]
[TimeControl "180+1"]
[Date "2022.05.03"]
[WhiteClock "0:00:14"]
[BlackClock "0:00:04"]

1. b3 Nf6 2. Bb2 e6 3. e3 d5 4. c4 Be7 5. Qc2 O-O 6. Nf3 c5 7. h4 Nc6 8. a3 d4 9. exd4 cxd4 10. b4 e5 11. b5 Na5 12. Nxe5 Re8 13. Be2 Bf8 14. f4 Ng4 15. Bxg4 Bxg4 16. Kf2 Bc5 17. d3 Bc8 18. Nd2 f6 19. Nef3 b6 20. Rhe1 Re3 21. Ne4 Bf5 22. Nxc5 bxc5 23. Rxe3 dxe3+ 24. Kxe3 Qd6 25. Rd1 Re8+ 26. Kf2 Qxf4 27. Qd2 Qc7 28. Bc3 Nb7 29. Re1 Rd8 30. Re3 h5 31. g3 Nd6 32. Ba5 Ne4+ 33. Rxe4 Qd7 34. Bxd8 Bxe4 35. Ba5 Bxf3 36. Kxf3 Qh3 37. Qf4 Qf1+ 38. Ke3 Qc1+ 39. Ke4 Qh1+ 40. Kf5 Kh7 41. Ke6 Qh3+ 42. Qf5+ Qxf5+ 43. Kxf5 g6+ 44. Kxf6 1-0


[Site "https://www.chess.com"]

[Event "Titled Tuesday Blitz May 03 Early 2022"]
[White "Pinheiro, Iung Alicio de O."]
[Black "Jian, Alex"]
[WhiteFideId "2104350"]
[BlackFideId "30901022"]
[WhiteElo "2557"]
[BlackElo "2111"]
[Result "1-0"]
[Round "03"]
[TimeControl "180+1"]
[Date "2022.05.03"]
[WhiteClock "0:00:44"]
[BlackClock "0:00:53"]

1. c4 e6 2. g3 d5 3. Bg2 Nf6 4. Nf3 dxc4 5. O-O Nbd7 6. Na3 Bxa3 7. bxa3 c5 8. Qc2 O-O 9. Bb2 b6 10. Ne5 Nd5 11. Nxc4 Bb7 12. Rfd1 Qc7 13. Rac1 Rfd8 14. e4 Ne7 15. Qc3 f6 16. Qb3 Kh8 17. a4 Bc6 18. d4 cxd4 19. Bxd4 e5 20. Be3 Qb7 21. Nd6 1-0


[Site "https://www.chess.com"]